Zazza, neutral female human Tourist ---- ----------- --.>-------- |.........| |.`........| |.........| |..-----.-.| |.........| |.`|...|`..| |....<....| |.....`...-| |.........| |.......|..| |.........| |.----..--.| |.........| |.......`|.-- |.........| |.---.-....I------------.| |...|...-%.I...........^.| |.........---------------- -----..|..| ------- Zazza the Excursionist Experience level: 8 Strength: 16 Dexterity: 12 Constitution: 14 Intelligence: 15 Wisdom: 9 Charisma: 18 Health: 0(63) Energy: 29(29) Def: 12 Gold: 356 Moves: 9803 Dungeon seed: Vau6jOjVlNidwhWX Game ID: Zazza_1564465586 Your Inventory: Coins $ - 356 gold pieces Weapons a - 22 +2 darts c - 2 poisoned +0 darts f - 29 +0 darts h - 2 +0 elven daggers (wielded) C - 2 blessed +0 daggers (in quiver) Armor e - an uncursed +0 pair of jumping boots n - an uncursed +0 orcish helm (being worn) q - an uncursed +0 dwarvish mithril-coat (being worn) v - a blessed +0 T-shirt (being worn) z - an uncursed +0 alchemy smock (being worn) D - an uncursed +0 shield of reflection (being worn) N - an uncursed +0 pair of speed boots (being worn) Y - an uncursed +0 pair of leather gloves (being worn) Comestibles g - an uncursed egg p - 2 uncursed eggs w - 3 uncursed food rations Scrolls j - a blessed scroll of earth m - an uncursed scroll of earth Rings d - an uncursed ring of see invisible B - a blessed +1 ring of increase accuracy J - an uncursed ring of regeneration (on left hand) Wands u - a wand of probing (0:5) x - a wand of light (0:13) Z - a wand of sleep (0:8) Tools i - an uncursed mirror k - an expensive camera (0:96) l - an uncursed credit card t - an uncursed mirror y - an uncursed oilskin sack R - 16 uncursed partly used tallow candles (0:112) V - a cursed tallow candle (0:200) Gems r - a blessed luckstone Contents of the oilskin sack: 1122 gold pieces a +1 dart a cursed -1 dart an uncursed apple 2 uncursed scrolls of blank paper an uncursed scroll of enchant weapon a cursed scroll of identify 3 uncursed potions of extra healing a potion of holy water a blessed potion of monster detection an uncursed potion of monster detection a wand of teleportation (0:0) Spells and supernatural/magical abilities: Name Level Category Fail Memory W - pray for help -- divine ? -- Your skills at the end: Fighting Skills Weapon Skills dagger [Expert] dart [Basic] Spellcasting Skills Final Attributes: You were piously aligned. You were poison resistant. You were acid resistant. You regenerated. You were very fast. You had reflection. You were lucky. You had extra luck. Good luck did not time out for you. You are dead. Vanquished creatures: 2 large mimics 2 small mimics a pyrolisk a tengu a giant beetle 4 wolves a gremlin 2 leprechauns an ice vortex a gnome king an orc mummy 3 gold golems 2 Green-elves a chickatrice a dingo 2 blue jellies a raven a bugbear a quasit a water nymph an orc shaman 3 rock piercers 2 rock moles a shrieker a violet fungus 6 gnome lords 5 gnomish wizards 2 kobold mummies 7 gray oozes a ghoul a straw golem a paper golem 2 giant ants 2 floating eyes a kitten 9 dwarves 2 homunculi 2 hill orcs a rothe a rabid rat a centipede 2 giant bats 4 orc zombies a dwarf zombie 3 wererats a werejackal 5 iguanas 3 killer bees 3 coyotes 2 gas spores 5 hobbits 4 manes a large kobold a hobgoblin 5 giant rats a cave spider a brown mold 5 yellow molds 3 green molds 2 red molds 31 gnomes a gnome zombie 4 geckos 7 jackals 3 foxes 4 goblins 6 sewer rats 5 grid bugs 2 lichens 4 kobold zombies 8 newts 209 creatures vanquished. Voluntary challenges: You used a wielded weapon 532 times, starting on turn 201. You read items or engraved 21 times, starting on turn 286. You never genocided any monsters. You never polymorphed an object. You never changed form. You used no wishes. You never split a pudding. You wrote Elbereth's name 12 times, starting on turn 286. You never violated your personal moral code. Dungeon overview: The Dungeons of Doom: levels 1 to 9 Level 1 an altar to The Lady, some fountains a long staircase Level 2 some fountains stairs to The Gnomish Mines Level 3 an armor shop, an altar to The Lady, a sink Level 4 a scroll shop Level 5 a fountain Level 6 a fountain Level 7 Level 8 many fountains Level 9 (gold) a potion shop, a fountain stairs to Sokoban The Gnomish Mines: levels 3 to 6 Level 3 stairs to The Dungeons of Doom Level 4 Level 5 Level 6 some shops, a temple to The Lady, some fountains Sokoban: levels 7 to 8 Level 7 <- You were here Level 8 stairs to The Dungeons of Doom History has recorded: On T:1 you entered the Dungeons of Doom to retrieve the Amulet of Yendor! On T:353 you reached level 2 of The Dungeons of Doom. On T:1165 you reached level 3 of The Dungeons of Doom. On T:1534 you advanced to experience level 2. On T:1777 you advanced to experience level 3. On T:1928 you reached level 4 of The Dungeons of Doom. On T:2124 you reached level 5 of The Dungeons of Doom. On T:2264 you advanced to experience level 4. On T:2433 you reached level 6 of The Dungeons of Doom. On T:2702 you reached level 7 of The Dungeons of Doom. On T:2862 you advanced to experience level 5. On T:3073 you advanced to experience level 6. On T:3551 you reached level 1 of The Gnomish Mines. On T:4180 you reached level 2 of The Gnomish Mines. On T:4268 you advanced to experience level 7. On T:4598 you reached level 3 of The Gnomish Mines. On T:4974 you reached level 4 of The Gnomish Mines. On T:6441 you advanced to experience level 8. On T:7088 you reached level 8 of The Dungeons of Doom. On T:7359 you reached level 9 of The Dungeons of Doom. On T:8932 you reached level 4 of Sokoban. On T:9231 you reached level 3 of Sokoban. Score breakdown: Gold: 1448 (10752 points) Experience: 8 levels (14739 points) Exploration: 9 levels ( 18.00%) (12121 points) Discoveries: 19 items ( 6.38%) ( 7575 points) Valuables value: (no points given unless you survive) Artifact value: 0 ( 0 points) Variety of kills: 71 monsters ( 18.64%) (12950 points) Turncount: 9803 turns (-2349 points) Survival: died (score multiplied by 80%) Total score: 44630 Latest messages: You hit it. The Green-elf swings her runed broadsword. The Green-elf misses. The Green-elf thrusts his runed short sword. The Green-elf just misses! You hit it. You kill the Green-elf! The Green-elf swings her runed broadsword. The Green-elf misses. You don't have that object. You hit it. The Green-elf swings her runed broadsword. The Green-elf hits! The Green-elf hurls a potion of sleeping! The flask crashes on your head and breaks into shards. You feel rather tired. It hits! (4x) You die... Final status: Aloha Zazza the Tourist, killed by a Green-elf, while sleeping off potion vapours... You died in Sokoban on dungeon level 7 with 44630 points, and 1478 pieces of gold, after 9803 moves. You were level 8 with a maximum of 63 hit points when you died.